 Dungeon Crawl Stone Soup version 0.31.0-11-ge490571c62 (webtiles) character file.

Game seed: 6569120598523933659

9 browni3141 the Conjurer (level 2, 19/19 HPs)
             Began as a Demonspawn Conjurer on Jan 30, 2024.
             Got out of the dungeon alive.
             The game lasted 00:00:16 (336 turns).

browni3141 the Conjurer (Demonspawn Conjurer)        Turns: 336, Time: 00:00:17

Health: 19/19      AC:  2    Str:  7    XL:     2   Next: 3%
Magic:  5/5        EV: 12    Int: 18    God:
Gold:   8          SH:  0    Dex: 11    Spells: 4/5 levels left

rFire   . . .        (no weapon)
rCold   . . .        (no shield)
rNeg    . . .        a - +0 robe
rPois   .            (no helmet)
rElec   .            (no cloak)
rCorr   .            (no gloves)
SInv    .            (no boots)
Will    .....        (no amulet)
Stlth   ++           (no ring)
HPRegen 0.23/turn    (no ring)
MPRegen 0.09/turn

%: no passive effects
@: no status effects
A: sturdy frame 1
a: no special abilities


You escaped.
You visited 1 branch of the dungeon, and saw 1 of its levels.

You collected 8 gold pieces.

Inventory:

Armour
 a - a +0 robe (worn)
Scrolls
 d - a scroll of identify {unknown}
Potions
 b - a potion of magic
 c - a potion of ambrosia {unknown}


   Skills:
 + Level 2.0 Dodging
 + Level 2.0 Stealth
 + Level 2.1 Spellcasting
 + Level 4.1 Conjurations


You had 4 spell levels left.
You knew the following spells:

 Your Spells              Type           Power      Damage    Failure   Level
a - Magic Dart            Conj           64%        1d6       3%          1

Your spell library contained the following spells:

 Spells                   Type           Power      Damage    Failure   Level
 Searing Ray              Conj           32%        2d5       4%          2
 Fulminant Prism          Conj/Alch      4%         3d5       58%         4
 Iskenderun's Mystic Bla  Conj/Tloc      9%         2d4       58%         4


Dungeon Overview and Level Annotations

Branches:
Dungeon (1/15)

Altars:


Innate Abilities, Weirdness & Mutations

Your movements are slightly less encumbered by armour. (ER -2)


Message History

c - a smoky green potion You now have 8 gold pieces.
Found a stone staircase leading down.
A ball python comes into view.
A ball python is nearby!
A ball python is nearby!
A ball python is nearby!
The magic dart hits the ball python.
You kill the ball python!
You can't see any susceptible monsters within range! (Use Z to cast anyway.)
You can't see any susceptible monsters within range! (Use Z to cast anyway.) Magic restored.
A dart slug comes into view.
The dart slug launches a dart at you. The slug dart misses you.
A dart slug is nearby!
A dart slug is nearby!
The magic dart hits the dart slug.
The dart slug is moderately wounded.
The magic dart hits the dart slug but does no damage.
The dart slug is moderately wounded.
The magic dart hits the dart slug.
The dart slug is heavily wounded.
The dart slug closely misses you.
You are out of magic!
A dart slug is nearby!
A dart slug is nearby!
You are out of magic!
You are out of magic!
You hit the dart slug but do no damage.
The dart slug is heavily wounded.
You hit the dart slug but do no damage.
The dart slug is heavily wounded.
The dart slug misses you.
You hit the dart slug.
The dart slug is severely wounded.
The dart slug closely misses you.
You hit the dart slug.
The dart slug is severely wounded.
You hit the dart slug.
The dart slug is almost dead.
The dart slug launches a dart at you. The slug dart misses you.
You hit the dart slug but do no damage.
The dart slug is almost dead.
The dart slug bites you.
You hit the dart slug.
You kill the dart slug!
You see here a dart slug corpse.
A ball python comes into view.
A ball python is nearby!
A ball python is nearby!
A ball python is nearby!
A ball python is nearby!
The magic dart hits the ball python.
The ball python is moderately wounded.
The magic dart hits the ball python.
You kill the ball python!
You can't see any susceptible monsters within range! (Use Z to cast anyway.)
You can't see any susceptible monsters within range! (Use Z to cast anyway.)
d - a scroll labelled FUIT NAPUUDE A jackal comes into view.
A jackal is nearby!
A jackal is nearby!
The magic dart hits the jackal but does no damage.
The jackal barks!
You hear a bark!
You hear a shout! x2
The magic dart hits the jackal.
The jackal is moderately wounded.
The magic dart hits the jackal.
You kill the jackal!
A jackal comes into view.
A jackal is nearby!
A jackal is nearby!
A jackal is nearby!
You are out of magic!
You are out of magic!
You are out of magic!
You are out of magic!
An endoplasm comes into view.
The jackal bites you.
The magic dart hits the jackal.
You kill the jackal!
Your Dodging skill increases to level 2!
Your Stealth skill increases to level 2!
HP restored.
A goblin comes into view. It is wielding a +0 dagger.
A goblin is nearby!
The magic dart hits the goblin.
You kill the goblin!
You have reached level 2!
Your demonic ancestry asserts itself...
You feel less encumbered by your armour.
There is a large open door here.
There is a large open door here.
You see here a +0 short sword.
There is a large open door here.
There is a staircase leading out of the dungeon here.
Alright, then stay!
Unknown command.
You have escaped!

...................>...#
..................#.####
.####.######.####.#.# .#
#.# ### #.#.# .# #.#
#.#.####### .# #.#
#######.........# .####.#
#....##.#.#####.#
......#####.≈≈)####.# #.#
#####...'.'.≈≈.'@##.# #.#
#######.'.'.≈§.'.##.# #.#
...########.≈≈.####.# #.#
...#.....##....# ##.# #.#
..†#.###..########..# #.#
.....# ##..####....######.#
....######......#.........#
...## #.....#####.#########
...# #.........#.#


There were no monsters in sight!

Vanquished Creatures
  A dart slug (D:1)
  A goblin (D:1)
  2 jackals (D:1)
  2 ball pythons (D:1)
6 creatures vanquished.

Notes
Turn   | Place    | Note
-------+----------+-------------------------------------------
     0 | D:1      | browni3141 the Demonspawn Conjurer began the quest for the
                  | Orb.
     0 | D:1      | Reached XP level 1. HP: 13/13 MP: 3/3
   269 | D:1      | Gained mutation: Your movements are slightly less
                  | encumbered by armour. (ER -2) [demonic ancestry]
   269 | D:1      | Reached XP level 2. HP: 19/19 MP: 0/5
   336 | D:$      | Got out of the dungeon alive.

Illustrated notes

Levels and vault maps discovered:
D:1:      lightli_arrival_lavapool, layout_basic, st_stairs_3

Skill      XL: |  1 |
---------------+----+-----
Dodging        | 2 |  2.0
Stealth        | 2 |  2.0
Spellcasting   | |  2.1
Conjurations   | |  4.1

Action                     || total
---------------------------++-------
  Melee: Unarmed           ||     7
   Cast: Magic Dart        ||    11
 Armour: Robe              ||     2
  Dodge: Dodged            ||     5
